 Dungeon Crawl Stone Soup version 0.31-a0-1570-g93c622d222 (webtiles) character file.

Game seed: 16961012746554296546

178417 Flugslaktarn the Warrior (level 17, -6/182 HPs)
             Began as a Minotaur Fighter on Jan 3, 2024.
             Was a Follower of Uskayaw.
             Mangled by a boulder beetle (22 damage)
             ... on level 3 of the Spider Nest.
             The game lasted 00:17:23 (21609 turns).

Flugslaktarn the Warrior (Minotaur Fighter)        Turns: 21609, Time: 00:17:24

Health: -6/182     AC:  4    Str: 26 (28) XL:     17   Next: 8%
Magic:  14/24      EV: 12    Int:  4 (5)  God:    Uskayaw [*.....]
Gold:   1290       SH: 14    Dex: 11      Spells: 16/16 levels left

rFire   . . .        a - +8 war axe (flame)
rCold   + . .        N - +2 kite shield {rC+}
rNeg    + . .        j - +1 plate armour {rN+}
rPois   +            (helmet unavailable)
rElec   +            i - +2 cloak
rCorr   .            H - +2 pair of gloves
SInv    +            b - +2 pair of boots {Stlth+}
Will    +....        K - amulet of regeneration Stlth
                     v - +5 ring of evasion
HPRegen 1.30/turn    U - ring "Uhyacwo" {rElec rPois SInv Stlth+}
MPRegen 0.19/turn

%: no passive effects
@: spiked, corroded
A: horns 3, retaliatory headbutt, low MP 1, robust 1, wild magic 1
}: 1/15 runes: barnacled
a: Renounce Religion, Stomp


You were on level 3 of the Spider Nest.
You worshipped Uskayaw.
Uskayaw was pleased with you.
You visited 5 branches of the dungeon, and saw 29 of its levels.
You visited 1 bazaar.
You also visited: Ice Cave.

You collected 3055 gold pieces.
You spent 1765 gold pieces at shops.

Inventory:

Hand Weapons
 a - a +8 war axe of flaming (weapon)
Missiles
 T - 7 throwing nets
Armour
 b - a +2 pair of boots of stealth (worn)
   (You bought it in a shop on level 5 of the Dungeon)
 i - a +2 cloak (worn)
   (You found it on level 6 of the Dungeon)
 j - a +1 plate armour of positive energy (worn)
   (You bought it in a shop in a bazaar)
 H - a +2 pair of gloves (worn)
   (You found it on level 5 of the Dungeon)
 N - a +2 kite shield of cold resistance (worn)
   (You found it in an ice cave)
Jewellery
 o - a ring of poison resistance
   (You found it on level 1 of the Lair of Beasts)
 p - a +4 ring of protection
   (You found it on level 2 of the Lair of Beasts)
 v - a +5 ring of evasion (left hand)
   (You acquired it on level 9 of the Dungeon)
 E - an amulet of faith
   (You took it off a centaur warrior on level 14 of the Dungeon)
 J - a ring of fire
   (You found it on level 4 of the Lair of Beasts)
 K - an amulet of regeneration (around neck)
   (You found it on level 11 of the Dungeon)
 S - a +6 ring of strength
   (You found it on level 15 of the Dungeon)
 U - the ring "Uhyacwo" (right hand) {rElec rPois SInv Stlth+}
   (You bought it in a shop on level 2 of the Orcish Mines)

   [ring of see invisible]

   rElec:     It insulates you from electricity.
   rPois:     It protects you from poison SInv: It lets you see invisible.
   Stlth+:    It makes you more stealthy.
Wands
 g - a wand of digging (4)
   (You found it on level 15 of the Dungeon)
 m - a wand of mindburst (20)
   (You found it on level 9 of the Dungeon)
 y - a wand of iceblast (4)
   (You found it on level 8 of the Dungeon)
 R - a wand of charming (9)
   (You found it on level 14 of the Dungeon)
Scrolls
 e - a scroll of butterflies
 f - 2 scrolls of silence
 k - 2 scrolls of immolation
 l - a scroll of fear
 s - 4 scrolls of fog
 t - 4 scrolls of teleportation
 z - 7 scrolls of blinking
 B - 2 scrolls of revelation
 D - 3 scrolls of vulnerability
 G - a scroll of enchant armour
Potions
 c - 3 potions of magic
 d - 4 potions of might
 h - 2 potions of haste
 n - 6 potions of resistance
 q - 4 potions of curing
 u - 4 potions of mutation
 w - 2 potions of heal wounds
 A - 3 potions of cancellation
 C - 3 potions of brilliance
 I - 3 potions of enlightenment
 L - 5 potions of lignification
 M - a potion of attraction {unknown}
 O - a potion of ambrosia {unknown}
 P - a potion of invisibility
 Q - a potion of berserk rage {unknown}
Miscellaneous
 x - a phial of floods
   (You found it in an ice cave)
 F - a condenser vane
   (You found it on level 5 of the Lair of Beasts)


   Skills:
 * Level 18.6 Fighting
 * Level 18.5 Axes
 + Level 13.9 Armour
 + Level 13.5 Shields
 * Level 15.5 Invocations
 - Level 6.0 Evocations


You had 16 spell levels left.
You didn't know any spells.
Your spell library contained the following spells:

 Spells                   Type           Power      Damage    Failure   Level
 Apportation              Tloc           0%         N/A       100%        1
 Foxfire                  Conj/Fire      0%         2x1d4     100%        1
 Magic Dart               Conj           0%         1d3       100%        1
 Summon Small Mammal      Summ           0%         N/A       100%        1
 Blink                    Tloc           0%         N/A       100%        2
 Call Imp                 Summ           0%         N/A       100%        2
 Cigotuvi's Dreadful Rot  Necr/Alch/Air  0%         N/A       100%        2
 Jinxbite                 Hex            0%         N/A       100%        2
 Call Canine Familiar     Summ           0%         N/A       100%        3
 Dazzling Flash           Conj/Hex       0%         N/A       100%        3
 Inner Flame              Hex/Fire       0%         N/A       100%        3
 Mephitic Cloud           Conj/Alch/Air  0%         N/A       100%        3
 Ozocubu's Armour         Ice            0%         N/A       100%        3
 Flame Wave               Conj/Fire      0%         2d4       100%        4
 Ignite Poison            Fire/Alch      0%         N/A       100%        4
 Leda's Liquefaction      Alch/Erth      0%         N/A       100%        4
 Olgreb's Toxic Radiance  Alch           0%         N/A       100%        4
 Sticky Flame             Fire/Alch      0%         2d4       100%        4
 Summon Blazeheart Golem  Fire/Summ      0%         N/A       100%        4
 Alistair's Intoxication  Alch           0%         N/A       100%        5
 Curse of Agony           Necr           0%         N/A       100%        5
 Freezing Cloud           Conj/Ice/Air   0%         6-21      100%        5
 Lee's Rapid Deconstruct  Erth           0%         3d4*      100%        5
 Silence                  Hex/Air        0%         N/A       100%        5
 Yara's Violent Unravell  Hex/Alch       0%         3d3       100%        5
 Bombard                  Conj/Erth      0%         9d1       100%        6
 Enfeeble                 Hex            0%         N/A       100%        7
 Ozocubu's Refrigeration  Ice            0%         4d7       100%        7
 Discord                  Hex            0%         N/A       100%        8


Dungeon Overview and Level Annotations

Branches:
Dungeon (15/15)            Temple (0/1) D:6            Lair (5/5) D:9
 Shoals (4/4) Lair:2       Spider (3/4) Lair:2        Slime (0/5) Lair:4
    Orc (2/2) D:11            Elf (0/3) Orc:2        Vaults (0/5) D:13
 Depths (0/4) D:15          IceCv (visited)

Altars:
Elyvilon
Fedhas
Hepliaklqana
Nemelex Xobeh
Trog
Uskayaw
The Shining One
Jiyva

Shops:
D:1 ?   D:3 [(*   D:5 [(*   D:6 ?   Orc:1 *   Orc:2 :*?=   Shoals:2 (!

Annotations:
D:6 1 runed translucent door, lugworm's ghost, novice FeSh
D:9 3 runed translucent doors, Darold's ghost, journeyman TrAl; Flugslaktarn's ghost, novice MiFi; PanSaczeczos's ghost, novice DsWn; SoakedWettersCrisps's ghost, novice MiHu; Solx's ghost, novice DrCj
Shoals:2 2 transporters
Shoals:4 exclusion: upstairs


Innate Abilities, Weirdness & Mutations

You have a pair of large horns on your head.
You reflexively headbutt those who attack you in melee.
Your magical capacity is low. (-10% MP)
You are robust. (+10% HP)
Your spells are a little harder to cast, but a little more powerful.


Message History

* * * LOW HITPOINT WARNING * * *
You are too injured to fight recklessly!
You are too injured to fight recklessly!
You hit the torpor snail but do no damage.
You headbutt the torpor snail, but do no damage.
You slash the ghost moth! You burn the ghost moth. You hit the entropy weaver.
You burn the entropy weaver. You block the ghost moth's attack.
The ghost moth hits you but does no damage.
The ghost moth stings you!
* * * LOW HITPOINT WARNING * * *
You block the entropy weaver's attack. x2; The entropy weaver hits you!
* * * LOW HITPOINT WARNING * * *
The entropy weaver hits you.
* * * LOW HITPOINT WARNING * * *
The torpor snail bites you but does no damage.
The ghost moth stares at you.
You feel your power leaking away. The ghost moth hits you.
* * * LOW HITPOINT WARNING * * *
The ghost moth barely misses you. The ghost moth stings you.
* * * LOW HITPOINT WARNING * * *
Okay, then.
Blink to where?
Press: ? - help, Dir - move target
As you read the scroll of blinking, it crumbles to dust.
Unknown command.
Aiming: Iceblast
Press: ? - help, Shift-Dir - straight line, f - torpor snail
Aim: a torpor snail The mass of ice explodes!
The iceblast engulfs the torpor snail!!
The torpor snail is heavily wounded.
The iceblast engulfs the ghost moth!
The ghost moth partially resists.
The ghost moth is almost dead.
The iceblast engulfs the entropy weaver!
You kill the entropy weaver!
You hear a skittering sound.
You hear a faint skittering sound.
You hear an angry buzzing noise. x2; You hear a chilling moan.
You hear a faint skittering sound.
The ghost moth stares at you.
Your condenser vane has recharged.
Aiming: Iceblast
Press: ? - help, Shift-Dir - straight line The mass of ice explodes!
The iceblast engulfs the ghost moth!
The ghost moth partially resists.
You kill the ghost moth!
You feel yourself speed up.
You hear a faint skittering sound. x2
Being near the torpor snail leaves you feeling lethargic.
Aiming: Iceblast
Press: ? - help, Shift-Dir - straight line, f - torpor snail
Aim: a torpor snail (severely wounded)
The mass of ice explodes!
The iceblast engulfs the torpor snail!!
You kill the torpor snail!
You feel yourself speed up.
A wolf spider comes into view.
The wolf spider's many legs skitter.
Magic courses through your body.
A boulder beetle comes into view.
Unknown command.
Aiming: Grand Finale
Press: ? - help, Shift-Dir - straight line, f - wolf spider
Aim: a wolf spider The wolf spider explodes violently!!!
You blow up the wolf spider!
Aiming: Charm
Press: ? - help, Shift-Dir - straight line, f - boulder beetle
Aim: a boulder beetle (chance to affect: 47%)
The boulder beetle resists with some effort.
Aiming: Charm
Press: ? - help, Shift-Dir - straight line, f/p - boulder beetle
Aim: a boulder beetle (chance to affect: 47%)
The boulder beetle resists with some effort.
A steelbarb worm comes into view.
You are too injured to fight recklessly!
You hit the boulder beetle but do no damage.
You hit the boulder beetle but do no damage.
You block the boulder beetle's attack.
You hit the boulder beetle. You burn the boulder beetle.
The boulder beetle is lightly wounded.
The boulder beetle barely misses you.
You stomp with the beat, sending a shockwave through the revellers around you!
The boulder beetle is moderately wounded.
The steelbarb worm is moderately wounded.
You can no longer stomp with the beat.
You block the steelbarb worm's attack. You block the boulder beetle's attack.
You block the steelbarb worm's attack.
You hit the boulder beetle but do no damage.
You headbutt the boulder beetle!
The boulder beetle is heavily wounded.
You hit the steelbarb worm but do no damage.
You block the boulder beetle's attack.
You can now stomp with the beat.
You hit the boulder beetle but do no damage.
The boulder beetle is heavily wounded.
You hit the steelbarb worm but do no damage.
The steelbarb worm hits you!!
* * * LOW HITPOINT WARNING * * *
Barbed spikes become lodged in your body.
The boulder beetle bites you!!
You die...

#..<.##.....##
#.....#.†....#
#.....##....##
###..........#
#..........#
####.......# #
#..#.......#.#.
#..........#...
###.@B.........
##.w.^.......
#........... #..
####......##
....#..#†^#####
^......†††#...#
####....†##...#..
^#####††^......
...............


You could see a boulder beetle and a steelbarb worm.

Vanquished Creatures
  Mara (Shoals:4)
  Polyphemus (Shoals:2)
  Agnes (D:14)
  2 frost giants
  2 ghost moths
  A broodmother (Spider:1)
  Snorg (Orc:2)
  2 spark wasps
  A fire dragon (Lair:5)
  An ettin (Orc:2)
  A merfolk javelineer (Shoals:2)
  2 crystal guardians (D:15)
  8 merfolk impalers
  An entropy weaver (Spider:3)
  A great orb of eyes (D:14)
  4 vault guards (D:13)
  3 catoblepae
  4 hydras
  An ogre mage (D:15)
  5 merfolk aquamancers
  A jorogumo (Spider:1)
  5 centaur warriors
  2 merfolk avatars (Shoals:4)
  4 two-headed ogres
  4 boulder beetles
  A deep troll shaman (Lair:5)
  11 death yaks
  A death knight (D:14)
  A demonic crawler (Spider:3)
  An occultist (D:15)
  A hell knight (D:15)
  An orc high priest (Orc:2)
  A sun demon (D:15)
  Amaemon (D:9)
  2 skysharks
  2 deep elf knights (D:15)
  2 pharaoh ants (Spider:1)
  5 sea snakes
  4 orb spiders (Spider:2)
  A lindwurm (D:15)
  6 arcanists (D:15)
  4 harpies (Shoals:4)
  8 orc knights (Orc:2)
  A necromancer (IceCv)
  2 steelbarb worms (Spider:3)
  5 deep elf pyromancers
  8 manticores
  An orc sorcerer (Orc:2)
  A salamander (shapeshifter) (D:14)
  4 wolf spiders
  6 ugly things
  2 moths of wrath (Spider:2)
  10 cyclopes
  5 salamanders (D:15)
  6 merfolk sirens
  6 black mambas
  10 elephants
  3 kobold blastminers
  A black mamba (shapeshifter) (D:12)
  A water nymph (Shoals:4)
  3 rust devils (D:15)
  3 torpor snails
  An ice statue (IceCv)
  10 cane toads
  An orange demon (D:10)
  An unseen horror (D:12)
  11 rime drakes
  4 gargoyles
  A kobold demonologist (D:13)
  An unseen horror (shapeshifter) (D:15)
  10 komodo dragons
  4 yaktaurs (D:15)
  3 anaconda simulacra (IceCv)
  11 ice devils (IceCv)
  5 freezing wraiths
  3 tengu conjurers
  8 trolls
  A komodo dragon (shapeshifter) (D:15)
  2 polar bears
  21 merfolk
  9 saltlings (Orc:2)
  18 tarantellas
  3 wind drakes
  6 dream sheep (Lair:5)
  2 raiju (shapeshifter) (D:15)
  6 blink frogs
  6 snapping turtles (Shoals:4)
  10 slime creatures
  5 shadows
  3 wraiths
  7 culicivoras
  19 jumping spiders
  A spriggan (shapeshifter) (D:14)
  A wyvern (Lair:3)
  A vampire (D:11)
  2 air elementals (D:15)
  3 dire elephant simulacra (IceCv)
  19 yaks
  5 basilisks
  8 water elementals
  9 steam dragons
  3 wargs
  Menkaure (D:7)
  15 redbacks
  A vampire mosquito (D:14)
  7 death yak simulacra (IceCv)
  A harpy simulacrum (IceCv)
  3 acid dragons
  9 water moccasins
  Duvessa (D:7)
  3 hydra simulacra (IceCv)
  A meliai simulacrum (D:15)
  An ice beast (D:8)
  14 orc warriors
  4 black bears
  2 laughing skulls (D:14)
  An ogre (Orc:2)
  4 wolves (Lair:5)
  4 centaurs
  A kobold brigand (D:9)
  A two-headed ogre simulacrum (IceCv)
  A gnoll sergeant (D:8)
  9 scorpions
  9 bullfrogs
  4 cane toad simulacra (IceCv)
  30 wights
  A hornet simulacrum (D:14)
  Dowan (D:7)
  2 elephant simulacra (IceCv)
  2 howler monkeys
  A jelly (D:5)
  A hound (D:4)
  16 orc priests
  4 iguanas
  6 hell rats (Lair:5)
  Natasha (twice) (D:4)
  14 orc wizards
  3 troll simulacra (IceCv)
  4 polar bear simulacra (IceCv)
  3 wolf simulacra (IceCv)
  5 gnolls (D:8)
  7 adders
  A shadow imp (D:7)
  A white imp (IceCv)
  An ufetubus (IceCv)
  5 dart slugs
  3 ribbon worms
  70 orcs
  7 ball pythons
  7 endoplasms
  3 giant cockroaches
  2 goblins
  6 hobgoblins
  4 quokkas
  5 bats
  3 frilled lizards
  12 kobolds
  6 rats
  A spectral weapon (D:14)
770 creatures vanquished.

Vanquished Creatures (others)
  An orc wizard (D:7)
1 creature vanquished.

Grand Total: 771 creatures vanquished

Notes
Turn   | Place    | Note
-------+----------+-------------------------------------------
     0 | D:1      | Flugslaktarn the Minotaur Fighter began the quest for the
                  | Orb.
     0 | D:1      | Reached XP level 1. HP: 19/19 MP: 0/0
   170 | D:1      | Reached XP level 2. HP: 22/27 MP: 1/1
   472 | D:1      | Reached XP level 3. HP: 33/33 MP: 2/2
   477 | D:1      | Found Plog's Magic Scroll Shop.
   953 | D:2      | Found a faded altar of an unknown god.
  1181 | D:2      | Prayed at the altar of an unknown god.
  1181 | D:2      | Became a worshipper of Uskayaw the Reveller
  1181 | D:2      | Reached * piety under Uskayaw
  1312 | D:3      | Found Daodaow's Armour Emporium.
  1321 | D:3      | Reached ** piety under Uskayaw
  1324 | D:3      | Reached *** piety under Uskayaw
  1325 | D:3      | Reached XP level 4. HP: 34/41 MP: 3/3
  1567 | D:3      | Found Luank's General Store.
  1623 | D:3      | Reached skill level 1 in Invocations
  1752 | D:3      | Found Letil's Weapon Shop.
  1987 | D:3      | Found a blossoming altar of Fedhas.
  2061 | D:4      | Noticed a sky beast
  2153 | D:4      | Reached XP level 5. HP: 41/47 MP: 3/5
  2185 | D:4      | Found a white marble altar of Elyvilon.
  2398 | D:4      | Noticed Natasha
  2403 | D:4      | Killed Natasha
  2404 | D:4      | Reached skill level 5 in Fighting
  2447 | D:4      | Noticed a black bear
  2453 | D:4      | Killed a black bear
  2454 | D:4      | Reached XP level 6. HP: 56/56 MP: 6/6
  2660 | D:4      | Noticed Natasha
  2665 | D:4      | Killed Natasha
  2732 | D:5      | Entered Level 5 of the Dungeon
  2745 | D:5      | Found Xikopre's Antique Weapon Shoppe.
  2820 | D:5      | Found Deuliefi's Antique Armour Boutique.
  2857 | D:5      | Noticed a water moccasin
  2875 | D:5      | Reached **** piety under Uskayaw
  2878 | D:5      | Killed a water moccasin
  2879 | D:5      | Reached skill level 5 in Axes
  2879 | D:5      | Reached XP level 7. HP: 22/62 MP: 8/8
  3075 | D:5      | Reached skill level 5 in Shields
  3134 | D:5      | Found a sparkling altar of Nemelex Xobeh.
  3134 | D:5      | Found a glowing golden altar of the Shining One.
  3247 | D:5      | Reached skill level 5 in Armour
  3263 | D:5      | Found Afruali's General Store.
  3523 | D:6      | Found a runed translucent door.
  3527 | D:6      | Noticed lugworm's ghost (novice FeSh)
  3555 | D:6      | Noticed a steam dragon
  3559 | D:6      | Gained mutation: Your magical capacity is low. (-10% MP)
                  | [potion of mutation]
  3559 | D:6      | Gained mutation: Your spells are a little harder to cast,
                  | but a little more powerful. [potion of mutation]
  3559 | D:6      | Gained mutation: You are robust. (+10% HP) [potion of
                  | mutation]
  3559 | D:6      | Gained mutation: You have a pair of large horns on your
                  | head. [potion of mutation]
  3566 | D:6      | Killed a steam dragon
  3586 | D:6      | Found a staircase to the Ecumenical Temple.
  3601 | D:6      | Reached XP level 8. HP: 53/78 MP: 8/8
  3715 | D:6      | Found Baef's Magic Scroll Shoppe.
  3725 | D:6      | Identified the +7 trident of the Unseen Realm {elec, Str+8}
  3758 | D:5      | Bought a pair of glowing boots for 225 gold pieces
  3859 | D:7      | Noticed Menkaure
  3868 | D:7      | Killed Menkaure
  4509 | D:7      | Noticed Dowan
  4510 | D:7      | Noticed Duvessa
  4521 | D:7      | Killed Duvessa
  4527 | D:7      | Killed Dowan
  4528 | D:7      | Reached skill level 5 in Invocations
  4660 | D:7      | Reached ***** piety under Uskayaw
  5011 | D:8      | Reached XP level 9. HP: 86/89 MP: 10/10
  5011 | D:8      | Found a bloodstained altar of Trog.
  5546 | D:9      | Found a hazy altar of Hepliaklqana.
  5629 | D:9      | Found a staircase to the Lair.
  5657 | D:9      | Found a runed translucent gate.
  5657 | D:9      | Found a runed translucent gate.
  5658 | D:9      | Noticed SoakedWettersCrisps's ghost (novice MiHu)
  5658 | D:9      | Noticed Solx's ghost (novice DrCj)
  5659 | D:9      | Noticed Flugslaktarn's ghost (novice MiFi)
  5659 | D:9      | Noticed Darold's ghost (journeyman TrAl)
  5659 | D:9      | Noticed PanSaczeczos's ghost (novice DsWn)
  5660 | D:9      | Found a runed translucent gate.
  6171 | D:9      | Reached XP level 10. HP: 82/97 MP: 12/12
  6499 | D:9      | Identified a scroll of acquirement
  6502 | D:9      | Acquired a +5 ring of evasion
  6556 | D:10     | Entered Level 10 of the Dungeon
  6556 | D:10     | Noticed Amaemon
  6556 | D:10     | Noticed an orange demon
  6568 | D:9      | Killed Amaemon
  6816 | D:10     | Killed an orange demon
  6889 | D:10     | Noticed a two-headed ogre
  6896 | D:10     | Killed a two-headed ogre
  6897 | D:10     | Reached skill level 10 in Fighting
  7112 | D:10     | Reached skill level 10 in Axes
  7336 | D:10     | Reached ****** piety under Uskayaw
  7564 | D:11     | Reached XP level 11. HP: 111/111 MP: 14/14
  7829 | D:11     | Found a staircase to the Orcish Mines.
  8435 | Lair:1   | Entered Level 1 of the Lair of Beasts
  9395 | Lair:2   | Reached skill level 1 in Evocations
  9426 | Lair:2   | Reached skill level 5 in Evocations
  9522 | Lair:2   | Noticed a seven-headed hydra
  9531 | Lair:2   | Killed a nine-headed hydra
  9588 | Lair:2   | Found a hole to the Spider Nest.
  9770 | Lair:2   | Reached XP level 12. HP: 89/122 MP: 15/15
  9813 | Lair:2   | Noticed an eight-headed hydra
  9828 | Lair:2   | HP: 4/123 [15-headed hydra (5)]
  9849 | Lair:2   | Killed a 15-headed hydra
 10154 | Lair:2   | Found a staircase to the Shoals.
 10591 | Lair:3   | Identified the +1 scale mail "Tiamor" {-Tele rF+++ Will-
                  | Str+2}
 11298 | Lair:4   | Found a viscous altar of Jiyva.
 11300 | Lair:4   | Found a staircase to the Slime Pits.
 11377 | Lair:4   | Reached skill level 10 in Invocations
 12031 | Lair:5   | Entered Level 5 of the Lair of Beasts
 12293 | Lair:5   | Noticed a death yak
 12294 | Lair:5   | Noticed a death yak
 12294 | Lair:5   | Noticed a death yak
 12295 | Lair:5   | Noticed a death yak
 12305 | Lair:5   | Killed a death yak
 12307 | Lair:5   | Killed a death yak
 12308 | Lair:5   | Reached skill level 10 in Armour
 12308 | Lair:5   | Reached XP level 13. HP: 108/134 MP: 17/17
 12466 | Lair:5   | Noticed a fire dragon
 12480 | Lair:5   | Killed a fire dragon
 12481 | Lair:5   | Reached skill level 10 in Shields
 13839 | D:12     | Found a frozen archway.
 13853 | IceCv    | Entered an ice cave
 14115 | IceCv    | Found an ancient bone altar of Kikubaaqudgha.
 14127 | IceCv    | Reached XP level 14. HP: 133/146 MP: 19/19
 15197 | D:13     | Reached skill level 15 in Fighting
 15295 | D:13     | Found a gate to the Vaults.
 15310 | D:13     | Reached skill level 15 in Axes
 15685 | D:14     | Noticed Agnes
 15692 | D:14     | Killed Agnes
 16361 | D:15     | Entered Level 15 of the Dungeon
 16496 | D:15     | Paralysed by an air elemental for 1 turns
 16497 | D:15     | Found a staircase to the Depths.
 16500 | D:15     | Reached XP level 15. HP: 60/158 MP: 21/21
 16501 | D:15     | Paralysed by an air elemental for 1 turns
 16524 | D:15     | Paralysed by an air elemental for 1 turns
 16530 | D:15     | Paralysed by an air elemental for 1 turns
 16749 | D:15     | HP: 1/158 [salamander/+0 spear of electrocution (21)]
 16860 | D:15     | Identified the +2 scale mail of the Hurricane {rElec Int+4}
 16929 | D:15     | Got the Essays on the Icy Torch
 17531 | D:15     | Noticed a frost giant
 17545 | D:15     | Killed a frost giant
 17804 | Orc:1    | Entered Level 1 of the Orcish Mines
 18039 | Orc:1    | Found Gugrudif's Assorted Antiques.
 18136 | Orc:2    | Entered Level 2 of the Orcish Mines
 18249 | Orc:2    | Found a staircase to the Elven Halls.
 18433 | Orc:2    | Noticed Snorg
 18451 | Orc:2    | Killed Snorg
 18984 | Orc:2    | Found Diyhipeu's Book Emporium.
 19002 | Orc:2    | Found Xiwuol's Magic Scroll Shop.
 19004 | Orc:2    | Found Nuuwkuck's Assorted Antiques.
 19014 | Orc:2    | Bought a scroll of blinking for 82 gold pieces
 19024 | Orc:2    | Found Vuckut's Jewellery Boutique.
 19034 | Orc:2    | Bought the ring "Uhyacwo" {rElec rPois SInv Stlth+} for 468
                  | gold pieces
 19272 | D:5      | Bought a scroll of enchant weapon for 97 gold pieces
 19272 | D:5      | Bought a scroll of enchant armour for 97 gold pieces
 19401 | Shoals:1 | Entered Level 1 of the Shoals
 19518 | Shoals:2 | Found a transporter.
 19520 | Shoals:2 | Found Mabaima's Antique Weapon Shoppe.
 19594 | Shoals:2 | Found a flickering gateway to a bazaar.
 19608 | Bazaar   | Entered a bazaar
 19624 | Bazaar   | Found Noethren's Jewellery Shoppe.
 19625 | Bazaar   | Found Daotax's Armour Shoppe.
 19667 | Bazaar   | Found Zuikogut's Magic Scroll Emporium.
 19667 | Bazaar   | Found Ziusook's Weapon Emporium.
 19710 | Bazaar   | Bought a +1 plate armour of positive energy for 320 gold
                  | pieces
 19766 | Shoals:2 | Found Esuden's Distillery.
 19780 | Shoals:2 | Bought a potion of resistance for 140 gold pieces
 19780 | Shoals:2 | Bought a potion of mutation for 112 gold pieces
 19780 | Shoals:2 | Bought a potion of mutation for 112 gold pieces
 19780 | Shoals:2 | Bought a potion of mutation for 112 gold pieces
 19915 | Shoals:2 | Found a transporter.
 19938 | Shoals:3 | Noticed Polyphemus
 19960 | Shoals:2 | Reached XP level 16. HP: 101/170 MP: 23/23
 19965 | Shoals:2 | Killed Polyphemus
 20134 | Shoals:4 | Entered Level 4 of the Shoals
 20375 | Shoals:4 | Identified the +6 dagger "Idem" {speed, rElec rF+}
 20434 | Shoals:4 | Noticed Mara
 20443 | Shoals:4 | Noticed Flugslaktarn's illusion
 20450 | Shoals:4 | Killed Mara
 20748 | Shoals:4 | Reached skill level 15 in Invocations
 20752 | Shoals:4 | Got a barnacled rune of Zot
 20753 | Shoals:4 | Got an azure gem with 538 turns to spare
 20992 | Spider:1 | Entered Level 1 of the Spider Nest
 21545 | Spider:3 | Reached XP level 17. HP: 141/182 MP: 24/24
 21590 | Spider:3 | HP: 9/182 [ghost moth[a torpor snail] (6)]
 21609 | Spider:3 | Mangled by a boulder beetle

Illustrated notes

Levels and vault maps discovered:
D:1:      evilmike_arrival_plus, layout_rooms, serial_shops,
          nicolae_shop_rolled_up, minmay_liquid_box, nrook_campfire,
          chequers_arboretum
D:2:      layout_basic, ebering_ecumenical_altar_abandoned,
          kennysheep_generic_room_7
D:3:      layout_basic, fedhas_altar_4, serial_shops, nicolae_shop_behind_doors,
          shop_fountains, nicolae_shop_crystal
D:4:      minmay_wonky_spiral, layout_basic, mainiacjoe_overflow_brackets,
          lightli_corner_chamber, uniq_natasha
D:5:      layout_rooms, gammafunk_temple_overflow_elements, serial_shops,
          nicolae_stop_n_shop_1, nicolae_shop_waterfront, shop,
          serial_bayou_lagoon_a, chequers_jeans
D:6:      layout_rooms, minmay_temple_entry_gardened_gates,
          ebering_ghost_reflecting_pool, serial_shops, nicolae_diamond_shop
D:7:      layout_basic, uniq_menkaure, uniq_duvessa
D:8:      layout_loops_ring, mainiacjoe_overflow_tiny_flanked
D:9:      layout_layer_cave, mainiacjoe_overflow_24_doors, lair_entry_dummy,
          gammafunk_ghost_cemetery
D:10:     layout_long_grid, uniq_amaemon
D:11:     layout_loops_ring, orc_0_dummy
D:12:     layout_roguey, portal_ice_cave_rime, nicolae_titane
D:13:     layout_gridville, lightli_vaults_fourway_checkpoint,
          lemuel_flamethrower_2
D:14:     minmay_ornate_pinched, layout_rooms,
          serial_library_hellmonk_layered_room, small_chamber_with_monster,
          uniq_agnes
D:15:     hangedman_crystal_crosses_colossus [crystal_crosses_arms_four,
          crystal_crosses_arms_two, crystal_crosses_arms_two]
Lair:1:   layout_cave_pods, patterned_corridor
Lair:2:   layout_chaotic_city, elwin_shoals_entry_stream,
          nicolae_spider_entry_non_spiders, wad_woods_road_05,
          serial_bayou_shore_b
Lair:3:   layout_hall_layers
Lair:4:   layout_regular_city, minmay_slime_entry_oklob_enclosed
Lair:5:   grunt_lair_end_beastmaster, layout_regular_city, st_stairs_13,
          serial_bayou_pond_e, bobbens_dragon_lair_wall
Shoals:1: layout_shoals, nicolae_shoals_kraken_intersection
Shoals:2: dreamdust_from_the_deep, layout_shoals, serial_shops, bzr_entry_water,
          nicolae_shop_tiny_glass, nicolae_shop_drivethru
Shoals:3: layout_shoals, uniq_donald, uniq_polyphemus
Shoals:4: shoals_end_grunt_ice, layout_shoals, uniq_mara
Spider:1: layout_spider_delve, uniq_rupert
Spider:2: layout_spider_delve, nicolae_spider_wall_of_niches
Spider:3: layout_spider_delve
Orc:1:    layout_diamond_mine, serial_shops, shop, nicolae_orc_rockfall
Orc:2:    hellmonk_orc_salted, layout_diamond_mine, uniq_snorg

Skill      XL: |  1  2  3  4  5  6  7  8  9 10 11 12 13 14 15 16 |
---------------+-------------------------------------------------+-----
Fighting       | 4 5 6 8 9 10 11 13 14 16 17 18 | 18.6
Axes           | 3 4 5 6 7 9 10 11 13 14 15 17 18 | 18.5
Shields        | 4 5 6 7 8 9 10 11 12 13 | 13.5
Armour         | 4 5 6 7 8 10 11 12 13 | 13.9
Invocations    | 1 2 3 4 5 6 8 9 10 11 13 14 15 | 15.5
Evocations     | 6 |  6.0

Action                     |  1- 3 |  4- 6 |  7- 9 | 10-12 | 13-15 | 16-18 || total
---------------------------+-------+-------+-------+-------+-------+-------++-------
  Melee: War axe           |    92 |   105 |   249 |   439 |   989 |   398 ||  2272
         Headbutt          |     8 |    18 |    37 |   112 |   278 |    88 ||   541
         Unarmed           |       |       |       |       |    48 |       ||    48
 Invoke: Grand Finale      |       |       |       |     1 |     1 |     1 ||     3
         Stomp             |       |       |       |     1 |       |     6 ||     7
         Line Pass         |       |       |       |       |     4 |     1 ||     5
  Evoke: Wand              |       |       |       |     6 |     5 |     7 ||    18
         Condenser vane    |       |       |       |       |       |     1 ||     1
    Use: Scroll            |       |     8 |     1 |    13 |    16 |     7 ||    45
         Potion            |       |     3 |     1 |       |     3 |     8 ||    15
   Stab: Paralysed         |       |     3 |    23 |    53 |   154 |    61 ||   294
         Petrified         |       |       |       |       |    10 |     1 ||    11
         Confused          |       |       |       |       |     4 |       ||     4
         Distracted        |       |       |       |       |     1 |       ||     1
 Armour: Chain mail        |    77 |       |       |       |       |       ||    77
         Scale mail        |     3 |       |       |       |       |       ||     3
         Plate armour      |    10 |    99 |   249 |   382 |   940 |   382 ||  2062
         Skin              |       |       |       |       |    14 |       ||    14
  Dodge: Dodged            |    35 |    35 |    71 |   178 |   396 |   140 ||   855
  Block: Buckler           |    19 |    23 |    34 |       |       |       ||    76
         Kite shield       |       |       |    48 |   265 |   521 |   297 ||  1131

Table legend: (Time is in decaauts)
 A = Elapsed time spent in this place.
 B = Non-inter-level travel time spent in this place.
 C = Inter-level travel time spent in this place.
 D = Time resting spent in this place.
 E = Time spent auto-exploring this place.
 F = Levels seen in this place.
 G = Mean time per level.
                   A        B        C        D        E       F      G
               +--------+--------+--------+--------+--------+-----+--------+
         Total |  21623 |  19874 |   1749 |   2011 |  13127 |  31 |  697.5 |
       Dungeon |  12536 |  11324 |   1212 |   1107 |   7738 |  15 |  835.7 |
          Lair |   4942 |   4699 |    243 |    252 |   3676 |   5 |  988.4 |
        Shoals |   1471 |   1290 |    181 |    287 |    440 |   4 |  367.8 |
   Spider Nest |    592 |    583 |      9 |    150 |     93 |   3 |  197.3 |
  Orcish Mines |   1306 |   1203 |    103 |     71 |    810 |   2 |  653.0 |
        Bazaar |    126 |    126 |      0 |      0 |     77 |   1 |  126.0 |
      Ice Cave |    647 |    647 |      0 |    144 |    292 |   1 |  647.0 |
               +--------+--------+--------+--------+--------+-----+--------+

Top non-repeatable levels by time:
     D:9: 1524 daAuts
     D:7: 1199 daAuts
  Lair:5: 1172 daAuts
    D:15: 1071 daAuts
  Lair:2: 1069 daAuts
  Lair:1: 973 daAuts
  Lair:4: 961 daAuts
   Orc:2: 954 daAuts
     D:5: 861 daAuts
    D:12: 857 daAuts
    D:14: 831 daAuts
    D:11: 829 daAuts
     D:3: 806 daAuts
    D:10: 794 daAuts
    D:13: 774 daAuts
